 Dungeon Crawl Stone Soup version 0.31-a0-1082-g7d1fb776a8 (webtiles) character file.

Game seed: 9512518511061450244

20 Flugslaktarn the Changeling (level 2, -7/18 HPs)
             Began as an Octopode Shapeshifter on Nov 28, 2023.
             Mangled by a gnoll
             ... wielding a +0 spear
              (9 damage)
             ... on level 1 of the Dungeon.
             The game lasted 00:00:18 (507 turns).

Flugslaktarn the Changeling (Octopode Shapeshifter)  Turns: 507, Time: 00:00:19

Health: -7/18      AC:  1    Str: 13    XL:     2   Next: 79%
Magic:  2/2        EV: 13    Int: 12    God:
Gold:   12         SH:  0    Dex: 11    Spells: 1/1 levels left

rFire   . .          .
                       - Unarmed
rCold   . . .        (no shield)
rNeg    . . .        (helmet currently unavailable)
rPois   .            (no amulet)
rElec   .            (no ring)
rCorr   .            (no ring)
SInv    .            (no ring)
Will    .....        (no ring)
Stlth   ++           (no ring)
HPRegen 0.23/turn    (no ring)
MPRegen 0.08/turn    (no ring)
                     (no ring)

%: no passive effects
@: beast-form
A: beast (slay +2), almost no armour, amphibious, 8 rings, camouflage 1,
gelatinous body 1, (nimble swimmer 1), tentacles
a: Begin Untransformation


You were on level 1 of the Dungeon.
You were a hulking beast.
You visited 1 branch of the dungeon, and saw 1 of its levels.

You collected 12 gold pieces.

Inventory:

Talismans
 b - a beast talisman
 c - a flux talisman
Scrolls
 e - a scroll of identify {unknown}
 f - a scroll of butterflies {unknown}
 g - a scroll of revelation {unknown}
Potions
 a - 2 potions of lignification
 d - a potion of resistance {unknown}


   Skills:
 - Level 1.0 Fighting
 - Level 2.0 Dodging
 - Level 3.0 Unarmed Combat
 + Level 3.8 Shapeshifting


You had one spell level left.
You didn't know any spells.
Your spell library was empty.

Dungeon Overview and Level Annotations

Branches:
Dungeon (1/15)

Altars:


Innate Abilities, Weirdness & Mutations

You are a hulking beast.
Your limbs bulge with bestial killing power. (Slay +2)
You cannot wear most types of armour.
You are amphibious.
You can wear up to eight rings at the same time.
Your skin changes colour to match your surroundings (Stealth+).
Your rubbery body absorbs attacks. (AC +1, EV +1)
((You are camouflaged when in or above water. (Stealth+)))
You have tentacles for arms and can constrict up to eight enemies at once.


Message History

A goblin is nearby!
The goblin shouts!
The goblin hits you with a +0 club.
You tentacle-slap the goblin. Your grab misses the goblin.
The goblin is moderately wounded.
The goblin hits you with a +0 club.
You tentacle-slap the goblin. You grab the goblin.
The goblin is heavily wounded.
You constrict the goblin.
You kill the goblin!
No target in view!
You now have 12 gold pieces.
A goblin comes into view. It is wielding a +0 club.
A goblin is nearby!
The goblin hits you with a +0 club.
A goblin is nearby!
You tentacle-slap the goblin. Your grab misses the goblin.
You squeeze the goblin.
You kill the goblin!
No target in view!
No target in view!
No target in view!
f - a scroll labelled EMMEQO NAIMIK No target in view!
You open the door.
Found a faded altar of an unknown god.
There is an open door here.
g - a scroll labelled YCWYANU EGRA No target in view!
No target in view!
No target in view!
No target in view!
No target in view!
No target in view!
There is a faded altar of an unknown god here.
There is an open door here.
A quokka comes into view.
You miss the quokka. Your grab misses the quokka.
The quokka closely misses you.
You tentacle-slap the quokka. Your grab misses the quokka.
You squeeze the quokka.
The quokka is almost dead.
The quokka closely misses you.
You miss the quokka. Your grab misses the quokka.
The quokka is almost dead.
The quokka bites you.
You miss the quokka. Your grab misses the quokka.
The quokka is almost dead.
The quokka bites you.
You tentacle-slap the quokka.
You kill the quokka!
No target in view!
There is an open door here.
There is a faded altar of an unknown god here.
This altar belongs to (a) Gozag, (b) Zin or (c) Fedhas, but you can't tell which.
Press the corresponding letter to learn more about a god, or press enter to convert or escape to cancel.
Okay, then.
There is an open door here.
Found a scale mail.
Found 7 stones.
You see here a +0 scale mail.
You see here 7 stones.
Found a hand axe.
No target in view!
No target in view!
No target in view!
No target in view!
No target in view!
A hobgoblin comes into view.
A hobgoblin is nearby!
The hobgoblin shouts!
A gnoll comes into view. It is wielding a +0 spear.
The hobgoblin closely misses you.
You barely miss the hobgoblin.
The gnoll shouts!
You grab the hobgoblin.
You constrict the hobgoblin, but do no damage.
The hobgoblin hits you but does no damage.
You tentacle-slap the hobgoblin.
The hobgoblin is severely wounded.
You constrict the hobgoblin, but do no damage.
You tentacle-slap the hobgoblin but do no damage.
The hobgoblin is severely wounded.
You constrict the hobgoblin.
You kill the hobgoblin!
The gnoll misses you.
Found 7 gold pieces.
The gnoll hits you with a +0 spear!
Ouch! That really hurt!
A gnoll is nearby!
You tentacle-slap the gnoll. You grab the gnoll.
The gnoll is moderately wounded.
You constrict the gnoll. The gnoll hits you with a +0 spear!
* * * LOW HITPOINT WARNING * * *
A gnoll is nearby!
You are too injured to fight recklessly!
You tentacle-slap the gnoll.
You squeeze the gnoll, but do no damage.
The gnoll is heavily wounded.
You constrict the gnoll. The gnoll hits you with a +0 spear!
Ouch! That really hurt!
You die...

## ... ### ..P. ..#
#########..PP. .^#
#......g....PP ..#
#.....h.# ..#
#....†..#
..#########.......#
......................
...########.......#...
...# #..)....#....
...#### #.......# ...
......## #.......# $..
..###..####.......#
.....


You could see a gnoll.

Vanquished Creatures
  4 endoplasms (D:1)
  2 hobgoblins (D:1)
  2 jackals (D:1)
  2 kobolds (D:1)
  A quokka (D:1)
  A ball python (D:1)
  A frilled lizard (D:1)
  3 goblins (D:1)
  A rat (D:1)
17 creatures vanquished.

Notes
Turn   | Place    | Note
-------+----------+-------------------------------------------
     0 | D:1      | Flugslaktarn the Octopode Shapeshifter began the quest for
                  | the Orb.
     0 | D:1      | Reached XP level 1. HP: 13/13 MP: 1/1
   122 | D:1      | Reached XP level 2. HP: 12/18 MP: 2/2
   392 | D:1      | Found a faded altar of an unknown god.
   507 | D:1      | Mangled by a gnoll

Illustrated notes

Levels and vault maps discovered:
D:1:      tarquinn_simple_flora_water_a, layout_basic,
          shapermc_ecumenical_altar_flowoftime, nicolae_grassy_gnolls

Action                     || total
---------------------------++-------
  Melee: Unarmed           ||    39
         Tentacles         ||    10
         Constrict         ||     8
 Armour: Skin              ||    17
  Dodge: Dodged            ||    15

Table legend: (Time is in decaauts)
 A = Elapsed time spent in this place.
 B = Non-inter-level travel time spent in this place.
 C = Inter-level travel time spent in this place.
 D = Time resting spent in this place.
 E = Time spent auto-exploring this place.
 F = Levels seen in this place.
 G = Mean time per level.
                   A        B        C        D        E       F      G
               +--------+--------+--------+--------+--------+-----+--------+
         Total |    504 |    490 |     14 |     16 |    373 |   1 |  504.0 |
       Dungeon |    504 |    490 |     14 |     16 |    373 |   1 |  504.0 |
               +--------+--------+--------+--------+--------+-----+--------+

Top non-repeatable levels by time:
     D:1: 504 daAuts
